 Dungeon Crawl Stone Soup version 0.16.1-11-g651b585 (webtiles) character file.

16968 ztt the Blocker (level 12, 0/110 HPs)
             Began as a Minotaur Fighter on Apr 1, 2015.
             Was a High Priest of Okawaru.
             Slain by a 17-headed hydra (1 damage)
             ... on level 3 of the Lair of Beasts.
             The game lasted 00:19:41 (10614 turns).

ztt the Blocker (Minotaur Fighter)                 Turns: 10614, Time: 00:19:41

Health: 0/110      AC: 18    Str: 26    XL:     12   Next: 14%
Magic:  10/15      EV:  9    Int:  5    God:    Okawaru [*****.]
Gold:   876        SH: 13    Dex: 10    Spells: 0 memorised, 11 levels left

rFire  . . .     SeeInvis .     a - +1 war axe
rCold  . . .     Clarity  .     p - +1 plate armour
rNeg   + . .     SustAb   .     c - +0 shield
rPois  .         Gourm    .     (helmet restricted)
rElec  .         Spirit   .     f - +0 cloak
rCorr  .         Warding  .     (no gloves)
rMut   .         Stasis   .     k - +0 pair of boots
MR     .....                    r - amulet of faith
Stlth  ..........               G - ring of magical power
                                m - ring of positive energy

@: finesse, not resistant to hostile enchantments, extremely unstealthy
A: retaliatory headbutt, horns 2
a: Heroism, Finesse, Renounce Religion


You were on level 3 of the Lair of Beasts.
You worshipped Okawaru.
Okawaru was extremely pleased with you.
You were not hungry.

You visited 3 branches of the dungeon, and saw 14 of its levels.
You also visited: Sewer.

You collected 876 gold pieces.

Inventory:

Hand weapons
 a - a +1 war axe (weapon)
 s - a +0 blowgun
 I - a +0 battleaxe
Missiles
 w - 35 poisoned needles
Armour
 c - a +0 shield (worn)
 f - a +0 cloak (worn)
 k - a +0 pair of boots (worn)
 p - a +1 plate armour (worn)
Jewellery
 b - an uncursed ring of ice
 m - a ring of positive energy (left hand)
 r - an amulet of faith (around neck)
 y - the ring "Dyhoasiq" {Wiz MR+ Str+3 Int+2 Slay-4}
   (You found it on level 5 of the Dungeon)

   [ring of wizardry]

   It improves your spell success rate.
   It affects your strength (+3).
   It affects your intelligence (+2).
   It affects your accuracy and damage with ranged weapons and melee attacks
   (-4).
   It affects your resistance to hostile enchantments.
 G - a ring of magical power (right hand)
Magical devices
 B - a wand of fireball (4)
 D - a wand of random effects (32)
 H - a wand of magic darts (20)
Scrolls
 g - 5 scrolls of teleportation
 h - a scroll of remove curse
 i - 2 scrolls of enchant weapon
 l - 5 scrolls of amnesia
 q - a scroll of fear
 v - 2 scrolls of recharging
Potions
 e - 2 potions of heal wounds
 n - 4 potions of restore abilities
 o - a potion of lignification
 u - a potion of berserk rage {unknown}
 A - 2 potions of brilliance
Books
 j - a book of Control

   Spells                             Type                      Level
   a - Control Teleport               Charms/Translocation         4
   b - Control Undead                 Necromancy                   4
   c - Enslavement                    Hexes                        4
   d - Metabolic Englaciation         Hexes/Ice                    5
   e - Mass Confusion                 Hexes                        6
 t - a book of Party Tricks

   Spells                             Type                      Level
   a - Summon Butterflies             Summoning                    1
   b - Apportation                    Translocation                1
   c - Tukima's Dance                 Hexes                        3
   d - Alistair's Intoxication        Transmutation/Poison         4
   e - Invisibility                   Hexes                        6
 C - a book of Summonings

   Spells                             Type                      Level
   a - Abjuration                     Summoning                    3
   b - Recall                         Summoning/Translocation      3
   c - Shadow Creatures               Summoning                    5
   d - Summon Demon                   Summoning                    5
   e - Summon Forest                  Summoning/Translocation      5
   f - Monstrous Menagerie            Summoning                    6
Comestibles
 d - 5 bread rations
 x - 4 meat rations
 z - 12 royal jellies


   Skills:
 + Level 11.3 Fighting
 + Level 12.5 Axes
 + Level 10.7 Armour
 + Level 4.9 Dodging
 + Level 1.0 Stealth
 + Level 12.8 Shields
 + Level 1.0 Invocations


You had 11 spell levels left.
You didn't know any spells.

Dungeon Overview and Level Annotations

Branches:
Dungeon (10/15)            Temple (1/1) D:6            Lair (3/8) D:9
    Orc (0/4) D:10
  Swamp: Lair:3-6    Shoals: Lair:3-6     Snake: Lair:3-6    Spider: Lair:3-6

Altars:
Ashenzari
Cheibriados
Dithmenos
Elyvilon
Fedhas
Gozag
Kikubaaqudgha
Makhleb
Nemelex Xobeh
Okawaru
Qazlal
Ru
Sif Muna
Trog
Vehumet
Xom
Yredelemnul
Zin
The Shining One
Beogh


Innate Abilities, Weirdness & Mutations

You reflexively headbutt those who attack you in melee.
You have a pair of horns on your head.


Message History

The 17-headed hydra is almost dead.
You hit the plant but do no damage.
The plant is severely damaged.
The 17-headed hydra bites you. You block the 17-headed hydra's attack.
The 17-headed hydra bites you!
* * * LOW HITPOINT WARNING * * *
The 17-headed hydra bites you but does no damage.
You block the 17-headed hydra's attack. The 17-headed hydra closely misses you.
The 17-headed hydra barely misses you. The 17-headed hydra bites you!
* * * LOW HITPOINT WARNING * * *
The 17-headed hydra barely misses you. You block the 17-headed hydra's attack.
The 17-headed hydra bites you but does no damage. x2
The 17-headed hydra bites you.
* * * LOW HITPOINT WARNING * * *
The 17-headed hydra bites you.
* * * LOW HITPOINT WARNING * * *
The 17-headed hydra bites you.
* * * LOW HITPOINT WARNING * * *
The 17-headed hydra bites you.
You die...

##P..#.###..###
....#...#.#.##
.#...#....#...## .
##...##P#.....# .
##...#####.#.##
#.####....# #...#
#.......#.## ##..#.#
#......P...###.#.###
##.PPPD@....#.###.#
#...#P....##.## ##
P........#.#..#
........####..#
..###.... ##.P ##..#
... ##.. ..## #..
..# P.. .##


You could see a 17-headed hydra.

Vanquished Creatures
  Maud (Lair:3)
  A hydra (Lair:2)
  The ghost of dxcTest1 the Archer, an experienced HEHu of Okawaru (D:8)
  Pikel (D:5)
  A hill giant (D:10)
  An elephant (D:9)
  3 komodo dragons
  2 spiny frogs
  A fire drake (Lair:2)
  A troll (D:9)
  Prince Ribbit (D:5)
  A queen bee (Lair:1)
  A basilisk (Lair:2)
  11 blink frogs
  2 deep elf magi (D:9)
  10 yaks
  4 hippogriffs
  Eustachio (D:7)
  5 wolves (Lair:2)
  5 water moccasins
  A sky beast (D:9)
  An orc warrior (D:7)
  4 slaves
  2 ice beasts
  3 ogres
  The ghost of Zappman321 the Shooter, an average HEHu of Qazlal (D:3)
  9 big kobolds (D:8)
  A gnoll sergeant (D:4)
  8 giant frogs
  4 crocodiles
  25 killer bees (Lair:1)
  A scorpion (D:5)
  4 wights (D:7)
  3 electric eels
  4 crimson imps
  4 goliath beetles
  8 hounds
  4 orc priests
  A centaur skeleton (D:7)
  Crazy Yiuf (D:2)
  5 iguanas
  An iron imp (D:7)
  4 jellies
  An orc wizard (D:6)
  8 worker ants
  8 sheep (Lair:3)
  Terence (D:2)
  A hound zombie (D:7)
  16 adders
  7 gnolls
  17 river rats
  5 giant mites
  A shadow imp (D:7)
  3 worms (D:2)
  An ufetubus (D:7)
  7 giant geckos
  2 oozes
  21 orcs
  6 ball pythons
  9 bats
  2 bat skeletons
  A bat zombie (D:7)
  8 giant cockroaches (Sewer)
  15 goblins
  7 hobgoblins
  14 jackals
  15 kobolds
  6 quokkas
  A giant gecko skeleton (D:7)
  9 giant newts
  2 gnoll zombies (D:4)
  A quokka skeleton (D:6)
  21 rats
  2 ballistomycetes (D:7)
  5 fungi
  A plant (Lair:1)
377 creatures vanquished.

Vanquished Creatures (others)
  A giant spore (D:7)
1 creature vanquished.

Grand Total: 378 creatures vanquished

Notes
Turn   | Place    | Note
--------------------------------------------------------------
     0 | D:1      | ztt, the Minotaur Fighter, began the quest for the Orb.
     0 | D:1      | Reached XP level 1. HP: 19/19 MP: 1/1
   168 | D:1      | Reached XP level 2. HP: 21/27 MP: 1/1
   229 | D:1      | Reached skill level 4 in Fighting
   587 | D:2      | Reached XP level 3. HP: 29/33 MP: 2/2
   632 | D:2      | Noticed Terence
   637 | D:2      | Killed Terence
   637 | D:2      | Reached skill level 1 in Dodging
   786 | D:2      | Reached XP level 4. HP: 33/40 MP: 2/2
   839 | D:2      | Found a snail-covered altar of Cheibriados.
   965 | D:2      | Noticed Crazy Yiuf
   974 | D:2      | Killed Crazy Yiuf
  1011 | D:3      | Noticed Zappman321's ghost (average HEHu)
  1024 | D:3      | Killed Zappman321's ghost
  1024 | D:3      | Reached skill level 5 in Shields
  1024 | D:3      | Reached XP level 5. HP: 33/47 MP: 2/2
  1095 | D:3      | Found a glowing drain.
  1112 | Sewer    | Entered a sewer
  1318 | Sewer    | Reached skill level 5 in Armour
  1318 | Sewer    | Reached XP level 6. HP: 51/53 MP: 3/3
  2171 | D:4      | Found a roughly hewn altar of Beogh.
  2482 | D:4      | Reached XP level 7. HP: 56/60 MP: 3/3
  2687 | D:4      | Found a basalt altar of Yredelemnul.
  2770 | D:4      | Reached skill level 5 in Fighting
  2818 | D:5      | Entered Level 5 of the Dungeon
  2820 | D:5      | Noticed Pikel
  2968 | D:5      | Reached skill level 6 in Shields
  2975 | D:5      | Killed Pikel
  2975 | D:5      | Reached skill level 5 in Axes
  2975 | D:5      | Reached skill level 7 in Shields
  2975 | D:5      | Reached XP level 8. HP: 32/69 MP: 3/3
  3395 | D:5      | Got a smoking turquoise ring
  3410 | D:5      | Identified the ring "Dyhoasiq" {Wiz MR+ Str+3 Int+2 Slay-4} (You found it on level 5 of the Dungeon)
  3621 | D:5      | Noticed Prince Ribbit
  3648 | D:5      | Killed Prince Ribbit
  4483 | D:7      | Reached XP level 9. HP: 35/78 MP: 4/4
  4600 | D:7      | Reached skill level 8 in Shields
  4737 | D:7      | Noticed Eustachio
  4770 | D:7      | Killed Eustachio
  5543 | D:8      | Noticed dxcTest1's ghost (experienced HEHu)
  5578 | D:8      | Killed dxcTest1's ghost
  5578 | D:8      | Reached skill level 9 in Shields
  5941 | D:8      | Reached XP level 10. HP: 63/90 MP: 4/4
  6001 | D:9      | Reached skill level 1 in Stealth
  6029 | D:9      | Found a staircase to the Lair.
  6029 | D:9      | Noticed an elephant
  6042 | D:9      | Killed an elephant
  6044 | D:9      | Reached skill level 10 in Shields
  6052 | D:9      | Reached skill level 10 in Axes
  6720 | D:10     | Entered Level 10 of the Dungeon
  6761 | D:10     | Found a staircase to the Orcish Mines.
  6803 | D:10     | Noticed a hill giant
  6813 | D:10     | Killed a hill giant
  7206 | D:6      | Found a staircase to the Ecumenical Temple.
  7210 | Temple   | Entered the Ecumenical Temple
  7314 | Temple   | Became a worshipper of Warmaster Okawaru
  7446 | Lair:1   | Entered Level 1 of the Lair of Beasts
  7450 | Lair:1   | Reached XP level 11. HP: 97/99 MP: 4/4
  7480 | Lair:1   | Reached skill level 11 in Axes
  7552 | Lair:1   | Acquired Okawaru's first power
  7557 | Lair:1   | Reached skill level 10 in Fighting
  7743 | Lair:1   | Reached skill level 10 in Armour
  7811 | Lair:1   | HP: 5/100 [killer bee (6)]
  9162 | Lair:2   | Reached skill level 12 in Shields
  9312 | Lair:2   | Noticed a seven-headed hydra
  9563 | Lair:2   | Killed a 18-headed hydra
  9964 | Lair:3   | Noticed Maud
  9984 | Lair:3   | Killed Maud
  9984 | Lair:3   | Received a gift from Okawaru
  9984 | Lair:3   | Acquired Okawaru's second power
  9984 | Lair:3   | Reached XP level 12. HP: 69/110 MP: 6/6
 10044 | Lair:3   | Reached skill level 1 in Invocations
 10595 | Lair:3   | Noticed a six-headed hydra
 10614 | Lair:3   | HP: 5/110 [17-headed hydra (6)]
 10614 | Lair:3   | HP: 1/110 [17-headed hydra (4)]
 10614 | Lair:3   | Slain by a 17-headed hydra

Action                   |  1- 3 |  4- 6 |  7- 9 | 10-12 || total
-------------------------+-------+-------+-------+-------++-------
Melee: War axe           |    93 |   163 |   408 |   573 ||  1237
Invok: Heroism           |       |       |       |     3 ||     3
       Finesse           |       |       |       |     1 ||     1
  Use: Potion            |       |     1 |     2 |     9 ||    12
       Scroll            |       |     9 |     8 |     5 ||    22
  Eat: Bread ration      |       |     1 |     1 |       ||     2
       Chunk             |       |     1 |     2 |     1 ||     4
       Fruit             |       |       |     3 |    11 ||    14
       Beef jerky        |       |       |     1 |       ||     1
       Meat ration       |       |       |       |     1 ||     1
       Royal jelly       |       |       |       |     2 ||     2
       Pizza             |       |       |       |     1 ||     1
